Map: Torres Crepusculares

Players

Cham - Winner!

  • Race: Zerg Zerg
  • League: Grandmaster

Darkness

  • Race: Protoss Protoss
  • League: Grandmaster

Event: Copa America 2016 Season 1

VOD

Have the link to the VOD?

Description

Time

  • Played on: Feb. 16, 2016, 6:59 p.m.
  • Length: 12:57

All games in this series

Show
View Real Time Build Order
Export as new Build Order

Cham Zerg - Winner!

Build Orders: 3 Hatch before Pool 

Get SALT Encoding   

  12  0:01  Drone  
  13  0:09  Drone  
  14  0:18  Overlord  
  14  0:36  Drone x3  
  17  0:54  Hatchery  
  17  0:57  Drone  
  17  1:00  Drone  
  18  1:21  Hatchery  
  18  1:23  Drone  
  18  1:26  Drone  
  19  1:38  Extractor  
  18  1:42  Spawning Pool  
  18  1:44  Drone  
  18  1:48  Drone  
  18  1:52  Drone  
  20  2:03  Drone  
  20  2:06  Drone  
  22  2:17  Drone  
  22  2:18  Drone  
  24  2:23  Overlord  
  24  2:28  Drone  
  25  2:30  Queen  
  25  2:32  Queen  
  25  2:34  Drone  
  25  2:36  Drone  
  31  2:41  Metabolic Boost  
  31  2:44  Zergling x2  
  32  2:46  Zergling x2  
  32  2:50  Zergling x2  
  35  2:51  Zergling x2  
  35  2:55  Overlord  
  35  2:58  Drone  
  35  3:00  Drone  
  37  3:06  Overlord  
  37  3:08  Drone  
  37  3:10  Queen  
  40  3:14  Drone  
  40  3:17  Zergling x2  
  40  3:18  Zergling x2  
  43  3:21  Drone  
  41  3:35  Drone x2  
  41  3:39  Roach Warren  
  40  3:42  Drone  
  40  3:43  Drone x7  
  48  3:52  Spore Crawler  
  48  3:53  Drone x2  
  48  3:54  Extractor  
  48  3:57  Drone  
  48  3:58  Drone  
  48  4:01  Overlord  
  50  4:05  Drone  
  51  4:15  Overlord  
  51  4:18  Overlord  
  51  4:23  Roach x4  
  59  4:28  Overlord  
  59  4:29  Overlord  
  59  4:30  Overlord  
  59  4:36  Roach x2  
  63  4:38  Roach  
  63  4:44  Overlord  
  65  4:51  Roach x2  
  65  4:52  Roach  
  71  4:54  Overlord  
  71  4:56  Zergling x2  
  71  4:57  Zergling x4  
  71  4:58  Zergling x2  
  75  5:01  Zergling x4  
  75  5:03  Zergling x2  
  75  5:04  Zergling x2  
  79  5:08  Zergling x2  
  79  5:13  Zergling x2  
  81  5:14  Overlord  
  81  5:15  Zergling x2  
  82  5:23  Overlord  
  82  5:25  Zergling x6  
  82  5:26  Zergling x6  
  82  5:27  Zergling x2  
  89  5:33  Ravager x2  
  89  5:34  Ravager  
  91  5:37  Zergling x4  
  91  5:39  Zergling x2  
  93  5:46  Ravager  
  93  5:47  Zergling x2  
  94  5:53  Zergling x4  
  94  6:01  Zergling x8  
  94  6:02  Zergling x6, Queen x2  
  94  6:04  Queen  
  95  6:06  Zergling x2  
  89  6:11  Zergling x2  
  89  6:12  Ravager x2  
  89  6:14  Zergling x4  
  92  6:19  Zergling x4  
  90  6:25  Zergling x4  
  90  6:30  Drone x2  
  81  6:37  Queen x2  
  81  6:39  Queen  
  82  6:41  Drone  
  83  6:53  Drone  
  78  6:55  Overlord x2  
  78  6:56  Drone x2  
  78  6:58  Spore Crawler  
  78  7:00  Spore Crawler  
  78  7:02  Drone x3  
  78  7:03  Drone  
  82  7:09  Roach x3  
  82  7:13  Queen  
  82  7:14  Roach  
  82  7:15  Roach  
  94  7:18  Overlord  
  94  7:21  Roach  
  96  7:23  Roach x2  
  96  7:26  Roach  
  96  7:28  Roach  
  104  7:34  Overlord  
  104  7:37  Zergling x10  
  109  7:50  Roach x3  
  113  7:54  Zergling x14  
  117  8:00  Roach  
  117  8:02  Ravager x3  
  117  8:03  Zergling x4  
  117  8:04  Zergling x4  
  124  8:07  Zergling x6  
  124  8:08  Zergling x2  
  124  8:12  Ravager  
  129  8:13  Overlord  
  129  8:14  Zergling x4  
  129  8:15  Zergling x2  
  129  8:18  Zergling x4  
  134  8:25  Overlord  
  134  8:28  Ravager  
  134  8:29  Zergling x4  
  127  8:43  Zergling x8  
  112  8:51  Zergling x4  
  112  8:53  Zergling x2, Ravager  
  105  8:56  Zergling x4  
  98  9:06  Zergling x2  
  93  9:10  Zergling x2  
  93  9:16  Lair  
  92  9:17  Zergling x6  
  92  9:21  Zergling x4  
  92  9:22  Zergling x4  
  100  9:24  Ravager  
  100  9:25  Hatchery, Drone x2  
  100  9:26  Drone  
  100  9:29  Extractor  
  101  9:32  Extractor x2  
  101  9:34  Extractor  
  101  9:35  Drone x5  
  101  9:36  Evolution Chamber x2  
  101  9:41  Ravager  
  102  9:49  Drone x3  
  102  9:50  Drone x6  
  109  10:00  Overlord x2  
  109  10:02  Zerg Ground Armor Level 1  
  109  10:06  Zerg Missile Weapons Level 1  
  109  10:07  Drone x4  
  113  10:15  Drone  
  113  10:16  Hydralisk Den  
  113  10:17  Drone x5  
  111  10:32  Roach x7  
  107  10:37  Roach x2  
  107  10:38  Spine Crawler x3  
  107  10:39  Spine Crawler  
  93  10:43  Roach x2  
  93  10:44  Roach x3  
  93  10:49  Hydralisk, Muscular Augments  
  97  10:50  Hydralisk  
  97  10:53  Hydralisk, Extractor  
  97  10:55  Extractor  
  97  10:56  Drone x2  
  103  11:00  Hydralisk  
  103  11:04  Hydralisk x2  
  105  11:09  Hydralisk x2  
  113  11:12  Zergling x4  
  113  11:13  Zergling x2  
  113  11:18  Hydralisk x2  
  116  11:19  Hydralisk  
  116  11:22  Roach  
  116  11:24  Roach  
  116  11:25  Roach  
  128  11:27  Roach  
  128  11:29  Roach  
  128  11:30  Roach  
  128  11:32  Roach  
  136  11:39  Roach  
  123  11:41  Roach x2  
  123  11:42  Roach  
  123  11:45  Roach x2  
  123  11:46  Roach x2  
  122  11:49  Roach x2  
  122  11:51  Roach  
  123  11:55  Roach  
  123  11:56  Roach  
  57  12:30  Drone x2  
  57  12:31  Drone x4  
Show
View Real Time Build Order
Export as new Build Order

Darkness Protoss 

Build Orders: Nexus First, Phoenix Opening 

Get SALT Encoding   

  12  0:01  Probe (Chrono Boost)  
  13  0:11  Probe (Chrono Boost)  
  14  0:19  Pylon  
  14  0:22  Probe (Chrono Boost)  
  15  0:37  Probe (Chrono Boost)  
  16  0:47  Probe (Chrono Boost)  
  17  0:57  Nexus  
  17  1:08  Gateway  
  17  1:10  Probe (Chrono Boost)  
  18  1:16  Assimilator  
  18  1:20  Probe (Chrono Boost)  
  18  1:23  Assimilator  
  19  1:31  Probe (Chrono Boost)  
  20  1:35  Gateway  
  20  1:42  Probe (Chrono Boost)  
  21  1:52  Probe (Chrono Boost)  
  22  1:56  Cybernetics Core  
  22  2:03  Probe (Chrono Boost)  
  23  2:11  Probe (Chrono Boost)  
  23  2:13  Probe (Chrono Boost)  
  25  2:22  Probe (Chrono Boost)  
  26  2:24  Probe (Chrono Boost)  
  27  2:32  Adept x2 (Chrono Boost)  
  27  2:33  Warp Gate  
  33  2:37  Mothership Core  
  33  2:43  Pylon  
  33  2:46  Probe  
  34  2:58  Stargate, Probe (Chrono Boost)  
  35  3:04  Adept  
  37  3:06  Probe (Chrono Boost)  
  37  3:09  Probe (Chrono Boost)  
  39  3:15  Pylon  
  39  3:16  Probe (Chrono Boost)  
  41  3:20  Probe (Chrono Boost)  
  41  3:25  Sentry  
  44  3:27  Probe (Chrono Boost)  
  44  3:30  Probe (Chrono Boost)  
  45  3:36  Probe (Chrono Boost)  
  45  3:40  Probe (Chrono Boost)  
  43  3:41  Phoenix (Chrono Boost)  
  43  3:46  Probe  
  46  3:52  Probe  
  47  3:56  Probe  
  47  4:01  Gateway  
  48  4:04  Probe  
  48  4:05  Phoenix (Chrono Boost)  
  48  4:07  Probe  
  52  4:17  Probe  
  52  4:18  Probe  
  52  4:22  Gateway, Assimilator  
  52  4:23  Assimilator  
  53  4:29  Probe  
  54  4:33  Pylon  
  54  4:40  Nexus  
  54  4:42  Pylon  
  54  4:48  Pylon  
  54  4:49  Probe  
  54  4:51  Phoenix (Chrono Boost)  
  54  4:52  Probe  
  58  4:54  Pylon  
  58  4:57  Forge  
  58  5:00  Probe  
  58  5:01  Sentry x2  
  58  5:04  Probe  
  64  5:10  Probe  
  64  5:12  Adept  
  64  5:13  Phoenix (Chrono Boost)  
  69  5:16  Probe  
  69  5:17  Robotics Facility  
  69  5:21  Probe  
  70  5:24  Pylon  
  70  5:27  Pylon, Adept  
  70  5:28  Probe  
  74  5:34  Void Ray (Chrono Boost)  
  78  5:42  Sentry, Adept  
  80  5:49  Pylon x2  
  82  5:52  Gateway  
  82  6:01  Probe  
  82  6:02  Adept x2  
  82  6:03  Probe  
  76  6:11  Sentry  
  76  6:12  Adept  
  78  6:19  Probe  
  78  6:20  Probe  
  79  6:27  Void Ray  
  79  6:29  Adept x2  
  80  6:32  Probe  
  80  6:34  Twilight Council  
  84  6:51  Protoss Ground Weapons Level 1  
  84  6:53  Pylon  
  84  6:54  Pylon x2  
  78  7:03  Nexus  
  78  7:05  Pylon  
  78  7:07  Pylon  
  78  7:13  Sentry x3  
  78  7:14  Robotics Facility  
  84  7:20  Adept  
  84  7:22  Adept  
  88  7:25  Probe  
  88  7:26  Probe  
  90  7:34  Charge (Chrono Boost)  
  90  7:35  Probe  
  91  7:38  Probe  
  92  7:45  Adept  
  92  7:46  Probe, Adept x4  
  92  7:50  Probe, Pylon  
  104  7:58  Probe  
  104  8:01  Photon Cannon  
  104  8:03  Immortal (Chrono Boost)  
  105  8:07  Adept x3  
  105  8:08  Adept  
  105  8:12  Adept  
  119  8:18  Assimilator  
  119  8:20  Pylon  
  119  8:32  Zealot x4  
  119  8:33  Zealot  
  129  8:39  Immortal  
  81  8:56  Adept x5  
  81  8:59  Protoss Ground Weapons Level 2  
  77  9:16  Immortal (Chrono Boost)  
  77  9:17  Sentry  
  77  9:18  Sentry x2  
  77  9:21  Adept  
  77  9:22  Adept  
  91  9:35  Gateway  
  91  9:43  Adept x4  
  91  9:44  Adept  
  101  9:57  Pylon x2  
  101  9:59  Pylon, Resonating Glaives (Chrono Boost)  
  101  10:13  Templar Archives  
  101  10:14  Warp Prism  
  101  10:18  Zealot x5  
  101  10:40  Adept x4  
  101  10:41  Adept  
  105  10:55  Observer (Chrono Boost)  
  106  11:03  High Templar x2  
  106  11:04  Zealot x4  
  112  11:08  Archon  
  118  11:12  Pylon  
  118  11:24  Zealot x4  
  126  11:31  Pylon  
  126  11:33  Pylon  
  114  11:51  Adept x4  
  114  11:52  Sentry  
  114  12:12  High Templar x3  
  114  12:13  High Templar  
  110  12:16  Zealot  
  110  12:21  Archon x2  
  110  12:22  Zealot  
Tags
 
Add a new tag
Caveats
  • Supply blocks, unpowered buildings, or Contaminate may cause inaccurate times.
  • Supply counts are checked every 10 seconds.